![]() |
![]() |
![]() |
html PUBLIC "-//W3C//DTD XHTML 1.0 Transitional//EN" "http://www.w3.org/TR/xhtml1/DTD/xhtml1-transitional.dtd">
LAS VEGAS LIZARD KINGS vs UTAH ICE BEARSCreated - 25 octobre 2024 at 21:26
1st period
1. UTAH ICE BEARS , Evgeni Malkin 1 (Matthew Tkachuk 3, Jordan Eberle 2) at 3:34
2. LAS VEGAS LIZARD KINGS , Joe Pavelski 3 (Ryan Suter 1) at 5:07 Penalties :
Ryan Nugent-Hopkins (LVG) for Holding (Minor) at 5:16, Dmitry Kulikov (LVG) for Tripping (Minor) at 8:16, Matt Roy (LVG) for Holding Stick (Minor) at 12:19, Ryan McDonagh (LVG) for Cross-checking (Minor) at 19:25, Matthew Tkachuk (UTA) for Goalie Interference (Minor) at 19:44
2nd period
3. LAS VEGAS LIZARD KINGS , Joe Pavelski 4 (Ryan Nugent-Hopkins 4) at 0:06
4. UTAH ICE BEARS , Alexander Ovechkin 2 (Artem Zub 1) at 4:25 5. UTAH ICE BEARS , Alexander Ovechkin 3 (Lucas Raymond 1, Casey Mittelstadt 1) at 15:22 Penalties :
Johnny Gaudreau (LVG) for Hooking (Minor) at 17:36
3rd period
6. UTAH ICE BEARS , Matthew Tkachuk 1 (Kristopher Letang 1, Jordan Eberle 3) at 1:03
Penalties :
Dmitry Kulikov (LVG) for Hooking (Minor) at 9:49, MacKenzie Weegar (UTA) for Slashing (Minor) at 13:13
Goalie StatsKaapo Kahkonen (LVG), 42 saves from 46 shots - (0,913), L, 0-1-0, 60:00 minutes
Thatcher Demko (UTA), 17 saves from 19 shots - (0,895), W, 2-2-0, 60:00 minutes
Players Stats for LAS VEGAS LIZARD KINGSPlayer Name G A P +/- PIM S H SB GA TA FO MP PP MP PK MP ------------------------------------------------------------------------------------ Brandon Hagel 0 0 0 -2 0 3 0 0 0 0 0/1 23:39 1:27 4:34 Brayden McNabb 0 0 0 -2 0 0 1 3 0 0 0/0 24:21 0:00 5:51 Dmitry Kulikov 0 0 0 1 4 1 2 1 0 0 0/0 13:05 0:00 0:00 Drew O'Connor 0 0 0 -1 0 1 0 1 0 0 1/1 5:43 0:00 0:00 Evan Rodrigues 0 0 0 1 0 0 2 0 0 0 0/0 15:13 0:51 0:00 Joe Pavelski 2 0 2 2 0 4 0 0 0 0 7/17 17:53 1:27 1:00 John Marino 0 0 0 0 0 1 0 1 0 0 0/0 21:40 0:32 4:23 Johnny Gaudreau 0 0 0 1 2 1 1 0 0 0 0/2 15:12 0:51 0:00 Jordan Greenway 0 0 0 -1 0 2 1 0 0 0 1/3 14:21 0:00 5:40 Kevin Shattenkirk 0 0 0 0 0 0 0 0 0 0 0/0 2:05 1:46 0:19 Luke Glendening 0 0 0 -1 0 0 0 0 0 0 6/8 14:12 0:00 5:31 Matt Roy 0 0 0 0 2 0 3 3 0 0 0/0 18:01 0:32 0:00 Nazem Kadri 0 0 0 -2 0 0 2 0 0 0 16/29 18:29 0:51 0:00 Ryan McDonagh 0 0 0 -3 2 1 0 4 0 0 0/0 24:53 1:46 5:32 Ryan Nugent-Hopkins 0 1 1 -1 2 2 2 0 0 0 3/14 23:15 1:27 3:43 Ryan Suter 0 1 1 0 0 0 1 0 0 0 0/0 15:51 0:00 4:23 Vladislav Namestnikov 0 0 0 -2 0 3 0 0 0 0 9/15 14:24 0:00 0:00 Zemgus Girgensons 0 0 0 -1 0 0 0 0 0 0 0/0 5:43 0:00 0:00 Players Stats for UTAH ICE BEARSPlayer Name G A P +/- PIM S H SB GA TA FO MP PP MP PK MP ------------------------------------------------------------------------------------ Alexander Ovechkin 2 0 2 1 0 6 1 0 0 0 0/2 18:59 4:02 0:57 Andrew Mangiapane 0 0 0 0 0 1 2 0 0 0 0/2 10:13 0:32 0:13 Artem Zub 0 1 1 3 0 2 3 1 0 0 0/0 20:48 4:06 0:52 Bowen Byram 0 0 0 0 0 0 1 0 0 0 0/0 12:19 0:32 0:00 Casey Mittelstadt 0 1 1 1 0 1 0 0 0 0 12/25 17:59 4:02 0:00 David Savard 0 0 0 3 0 2 1 0 0 0 0/0 21:15 4:06 1:19 Evgeni Malkin 1 0 1 1 0 10 0 0 0 0 24/38 24:10 5:40 1:21 John-Jason Peterka 0 0 0 0 0 0 0 0 0 0 0/0 9:28 0:00 0:00 Jordan Eberle 0 2 2 2 0 2 0 0 0 0 1/2 22:12 5:40 0:57 Kevin Bahl 0 0 0 0 0 0 0 1 0 0 0/0 12:59 0:32 0:40 Kristopher Letang 0 1 1 -1 0 2 1 0 0 0 0/0 26:53 5:36 1:26 Lucas Raymond 0 1 1 1 0 2 1 0 0 0 1/2 17:59 4:02 0:00 Luke Evangelista 0 0 0 0 0 2 0 0 0 0 0/0 6:51 0:00 0:00 MacKenzie Weegar 0 0 0 -1 2 1 1 1 0 0 0/0 25:45 5:36 0:19 Matias Maccelli 0 0 0 0 0 0 0 0 0 0 0/0 6:51 0:00 0:00 Matthew Beniers 0 0 0 0 0 2 0 0 0 0 1/6 7:23 0:32 0:00 Matthew Tkachuk 1 1 2 2 2 9 1 0 0 0 2/3 22:19 5:39 1:08 Morgan Frost 0 0 0 -1 0 4 0 0 0 0 6/10 11:37 0:32 0:00 3 Stars
1 - Alexander Ovechkin (UTA)
2 - Joe Pavelski (LVG) 3 - Matthew Tkachuk (UTA) Power PlayLAS VEGAS LIZARD KINGS - 0 on 2 Attempt(s) - 0,00%
UTAH ICE BEARS - 0 on 6 Attempt(s) - 0,00%
Penalty KillLAS VEGAS LIZARD KINGS - 6 on 6 Attempt(s) - 100,00%
- Score 0 goal in Penalty Kill
UTAH ICE BEARS - 2 on 2 Attempt(s) - 100,00%
- Score 0 goal in Penalty Kill
Team StatLAS VEGAS LIZARD KINGS - Hits : 15 - Faceoff Wins : 43 - Blocked Shots : 13 - Penalty Minutes : 12
UTAH ICE BEARS - Hits : 12 - Faceoff Wins : 47 - Blocked Shots : 3 - Penalty Minutes : 4
Official
Referees : Marc Joannette and Conor O'Donnell
Linesman : Julien Fournier and Tony Sericolo Game Notes
No Game Note
FinanceLevel 1 -- Attendance: 5207 (67,19%) -- Ticket Income 937 260 $Level 2 -- Attendance: 4025 (70,00%) -- Ticket Income 563 500 $ Level 3 -- Attendance: 1892 (75,68%) -- Ticket Income 189 200 $ Level 4 -- Attendance: 2985 (59,70%) -- Ticket Income 238 800 $ Luxury Box -- Attendance: 726 (72,60%) -- Ticket Income 254 100 $ Total Attendance: 14835 (67,43%) Total Ticket Income: 2 182 860 $ Other Expense: 21 829 $ Total Income: 2 161 031 $ LAS VEGAS LIZARD KINGS5 vs 5 Forward Center Left Wing Right Wing Time % Phy DF OF 1 Nazem Kadri Brandon Hagel Ryan Nugent-Hopkins 35 1 2 2 2 Joe Pavelski Johnny Gaudreau Evan Rodrigues 30 1 2 2 3 Vladislav Namestnikov Jordan Greenway Luke Glendening 20 1 3 1 4 Vladislav Namestnikov Drew O'Connor Zemgus Girgensons 15 1 3 1 5 vs 5 Defense Defense Defense Time % Phy DF OF 1 Ryan McDonagh Brayden McNabb 40 1 2 2 2 Matt Roy John Marino 35 1 2 2 3 Dmitry Kulikov Ryan Suter 25 1 3 1 4 Ryan McDonagh Brayden McNabb 0 1 2 2 PowerPlay Forward Center Left Wing Right Wing Time % Phy DF OF 1 Ryan Nugent-Hopkins Brandon Hagel Joe Pavelski 55 0 0 5 2 Nazem Kadri Johnny Gaudreau Evan Rodrigues 45 0 0 5 PowerPlay Defense Defense Defense Time % Phy DF OF 1 Ryan McDonagh Kevin Shattenkirk 55 0 0 5 2 Matt Roy John Marino 45 0 0 5 Penalty Kill 4 Players Forward Center Wing Time % Phy DF OF 1 Luke Glendening Jordan Greenway 55 1 4 0 2 Ryan Nugent-Hopkins Brandon Hagel 45 1 4 0 Penalty Kill 4 Players Defense Defense Defense Time % Phy DF OF 1 Ryan McDonagh Brayden McNabb 55 1 4 0 2 Ryan Suter John Marino 45 1 4 0 Penalty Kill - 3 Players Forward Forward Time % Phy DF OF 1 Luke Glendening 55 1 2 2 2 Joe Pavelski 45 1 2 2 Penalty Kill - 3 Players Defense Defense Defense Time % Phy DF OF 1 Kevin Shattenkirk Ryan Suter 55 1 2 2 2 Matt Roy John Marino 45 1 2 2 4 vs 4 Forward Center Wing Time % Phy DF OF 1 Ryan Nugent-Hopkins Joe Pavelski 55 1 2 2 2 Nazem Kadri Brandon Hagel 45 1 2 2 4 vs 4 Defense Defense Defense Time % Phy DF OF 1 Ryan McDonagh Brayden McNabb 55 1 2 2 2 Matt Roy John Marino 45 1 2 2 Last Minutes Offensive Center Left Wing Right Wing Defense Defense Ryan Nugent-Hopkins Brandon Hagel Joe Pavelski Ryan McDonagh Brayden McNabb Last Minutes Defensive Center Left Wing Right Wing Defense Defense Ryan Nugent-Hopkins Brandon Hagel Joe Pavelski Ryan McDonagh Brayden McNabb Goaltenders Starting : Kaapo Kahkonen Backup : Sergei Bobrovsky Extra Forwards Normal : Jordan Greenway, Drew O'Connor, Luke Glendening - PP : Jordan Greenway, Drew O'Connor - PK : Luke Glendening Extra Defensemen Normal : Dmitry Kulikov, Kevin Shattenkirk, Matt Roy - PP : Dmitry Kulikov - PK : Ryan McDonagh, Kevin Shattenkirk Penalty Shots Ryan Nugent-Hopkins, Joe Pavelski, Brandon Hagel, Johnny Gaudreau, Jordan Greenway Custom OT Lines Forwards Ryan Nugent-Hopkins, Joe Pavelski, Brandon Hagel, Johnny Gaudreau, Nazem Kadri, Vladislav Namestnikov, Evan Rodrigues, Jordan Greenway, Luke Glendening, Zemgus Girgensons Custom OT Lines Defensemen Ryan McDonagh, Brayden McNabb, Matt Roy, John Marino, Dmitry Kulikov Scratches None UTAH ICE BEARS5 vs 5 Forward Center Left Wing Right Wing Time % Phy DF OF 1 Evgeni Malkin Matthew Tkachuk Jordan Eberle 36 1 2 2 2 Casey Mittelstadt Alexander Ovechkin Lucas Raymond 31 1 2 2 3 Morgan Frost Andrew Mangiapane John-Jason Peterka 23 1 2 2 4 Matthew Beniers Matias Maccelli Luke Evangelista 10 1 2 2 5 vs 5 Defense Defense Defense Time % Phy DF OF 1 Kristopher Letang MacKenzie Weegar 36 1 2 2 2 David Savard Artem Zub 31 1 2 2 3 Bowen Byram Kevin Bahl 23 1 2 2 4 Kristopher Letang MacKenzie Weegar 10 1 2 2 PowerPlay Forward Center Left Wing Right Wing Time % Phy DF OF 1 Evgeni Malkin Matthew Tkachuk Jordan Eberle 55 1 2 2 2 Casey Mittelstadt Alexander Ovechkin Lucas Raymond 45 1 2 2 PowerPlay Defense Defense Defense Time % Phy DF OF 1 Kristopher Letang MacKenzie Weegar 55 1 2 2 2 David Savard Artem Zub 45 1 2 2 Penalty Kill 4 Players Forward Center Wing Time % Phy DF OF 1 Evgeni Malkin Matthew Tkachuk 55 1 2 2 2 Alexander Ovechkin Jordan Eberle 45 1 2 2 Penalty Kill 4 Players Defense Defense Defense Time % Phy DF OF 1 Kristopher Letang MacKenzie Weegar 55 1 2 2 2 David Savard Artem Zub 45 1 2 2 Penalty Kill - 3 Players Forward Forward Time % Phy DF OF 1 Evgeni Malkin 55 1 2 2 2 Matthew Tkachuk 45 1 2 2 Penalty Kill - 3 Players Defense Defense Defense Time % Phy DF OF 1 Kristopher Letang MacKenzie Weegar 55 1 2 2 2 David Savard Artem Zub 45 1 2 2 4 vs 4 Forward Center Wing Time % Phy DF OF 1 Evgeni Malkin Matthew Tkachuk 55 1 2 2 2 Alexander Ovechkin Jordan Eberle 45 1 2 2 4 vs 4 Defense Defense Defense Time % Phy DF OF 1 Kristopher Letang MacKenzie Weegar 55 1 2 2 2 David Savard Artem Zub 45 1 2 2 Last Minutes Offensive Center Left Wing Right Wing Defense Defense Evgeni Malkin Matthew Tkachuk Jordan Eberle Kristopher Letang MacKenzie Weegar Last Minutes Defensive Center Left Wing Right Wing Defense Defense Evgeni Malkin Matthew Tkachuk Jordan Eberle Kristopher Letang MacKenzie Weegar Goaltenders Starting : Thatcher Demko Backup : Connor Ingram Extra Forwards Normal : Morgan Frost, Matthew Beniers, Andrew Mangiapane - PP : Morgan Frost, Matthew Beniers - PK : Andrew Mangiapane Extra Defensemen Normal : Bowen Byram, Kevin Bahl, David Savard - PP : Bowen Byram - PK : Kevin Bahl, David Savard Penalty Shots Evgeni Malkin, Matthew Tkachuk, Alexander Ovechkin, Jordan Eberle, Casey Mittelstadt Custom OT Lines Forwards Evgeni Malkin, Matthew Tkachuk, Alexander Ovechkin, Jordan Eberle, Casey Mittelstadt, Lucas Raymond, Morgan Frost, Matthew Beniers, Andrew Mangiapane, Matias Maccelli Custom OT Lines Defensemen Kristopher Letang, MacKenzie Weegar, David Savard, Artem Zub, Bowen Byram Scratches Blake Lizotte (Healthy)
Play-by-Play1st period0:01 of 1st period - Nazem Kadri wins face-off versus Evgeni Malkin in neutral zone. 0:10 of 1st period - Shot by Ryan Nugent-Hopkins. 0:10 of 1st period - Stopped by Thatcher Demko without a rebound. 0:11 of 1st period - Joe Pavelski wins face-off versus Casey Mittelstadt in UTAH ICE BEARS zone. 0:49 of 1st period - Artem Zub is hit by Evan Rodrigues and loses puck. 1:18 of 1st period - Shot by Vladislav Namestnikov. 1:18 of 1st period - Stopped by Thatcher Demko without a rebound. 1:19 of 1st period - Morgan Frost wins face-off versus Ryan Nugent-Hopkins in UTAH ICE BEARS zone. 1:28 of 1st period - Shot by John-Jason Peterka. 1:28 of 1st period - Shot Blocked by Ryan McDonagh. 2:06 of 1st period - Icing by Kevin Bahl. 2:07 of 1st period - Vladislav Namestnikov wins face-off versus Morgan Frost in UTAH ICE BEARS zone. 2:42 of 1st period - Shot by Vladislav Namestnikov. 2:42 of 1st period - Shot Misses the Net. 2:47 of 1st period - Off-side. 2:48 of 1st period - Evgeni Malkin wins face-off versus Joe Pavelski in neutral zone. 2:59 of 1st period - MacKenzie Weegar is hit by Evan Rodrigues and loses puck. 3:04 of 1st period - Shot by Joe Pavelski. 3:04 of 1st period - Stopped by Thatcher Demko without a rebound. 3:05 of 1st period - Nazem Kadri wins face-off versus Matthew Beniers in UTAH ICE BEARS zone. 3:09 of 1st period - Nazem Kadri is hit by MacKenzie Weegar and loses puck. 3:14 of 1st period - Shot by Ryan Nugent-Hopkins. 3:14 of 1st period - Stopped by Thatcher Demko without a rebound. 3:15 of 1st period - Evgeni Malkin wins face-off versus Vladislav Namestnikov in UTAH ICE BEARS zone. 3:34 of 1st period - Shot by Evgeni Malkin. 3:34 of 1st period - Goal by Evgeni Malkin - LAS VEGAS LIZARD KINGS : 0 - UTAH ICE BEARS : 1. 3:35 of 1st period - Nazem Kadri wins face-off versus Matthew Beniers in neutral zone. 3:58 of 1st period - Shot by Matthew Beniers. 3:58 of 1st period - Stopped by Kaapo Kahkonen without a rebound. 3:59 of 1st period - Vladislav Namestnikov wins face-off versus Jordan Eberle in LAS VEGAS LIZARD KINGS zone. 5:07 of 1st period - Shot by Joe Pavelski. 5:07 of 1st period - Goal by Joe Pavelski - LAS VEGAS LIZARD KINGS : 1 - UTAH ICE BEARS : 1. 5:08 of 1st period - Nazem Kadri wins face-off versus Matthew Beniers in neutral zone. 5:16 of 1st period - Minor Penalty to Ryan Nugent-Hopkins for Holding. 5:17 of 1st period - Luke Glendening wins face-off versus Casey Mittelstadt in LAS VEGAS LIZARD KINGS zone. 5:44 of 1st period - Shot by MacKenzie Weegar. 5:44 of 1st period - Stopped by Kaapo Kahkonen with a rebound. 5:56 of 1st period - Shot by Casey Mittelstadt. 5:56 of 1st period - Stopped by Kaapo Kahkonen without a rebound. 5:57 of 1st period - Luke Glendening wins face-off versus Evgeni Malkin in LAS VEGAS LIZARD KINGS zone. 6:22 of 1st period - Shot by Evgeni Malkin. 6:22 of 1st period - Shot Blocked by Brayden McNabb. 6:24 of 1st period - Shot by David Savard. 6:24 of 1st period - Shot Blocked by Ryan McDonagh. 7:47 of 1st period - Icing by Kevin Bahl. 7:48 of 1st period - Morgan Frost wins face-off versus Nazem Kadri in UTAH ICE BEARS zone. 7:48 of 1st period - Morgan Frost is hit by Nazem Kadri. 8:15 of 1st period - Icing by Dmitry Kulikov. 8:16 of 1st period - Casey Mittelstadt wins face-off versus Nazem Kadri in LAS VEGAS LIZARD KINGS zone. 8:16 of 1st period - Minor Penalty to Dmitry Kulikov for Tripping. 8:17 of 1st period - Luke Glendening wins face-off versus Evgeni Malkin in LAS VEGAS LIZARD KINGS zone. 8:25 of 1st period - Off-side. 8:26 of 1st period - Luke Glendening wins face-off versus Evgeni Malkin in neutral zone. 8:51 of 1st period - Shot by Evgeni Malkin. 8:51 of 1st period - Stopped by Kaapo Kahkonen with a rebound. 8:53 of 1st period - Shot by Evgeni Malkin. 8:53 of 1st period - Shot Blocked by Brayden McNabb. 9:03 of 1st period - Shot by Kristopher Letang. 9:03 of 1st period - Stopped by Kaapo Kahkonen without a rebound. 9:04 of 1st period - Ryan Nugent-Hopkins wins face-off versus Casey Mittelstadt in LAS VEGAS LIZARD KINGS zone. 9:16 of 1st period - Shot by David Savard. 9:16 of 1st period - Stopped by Kaapo Kahkonen without a rebound. 9:17 of 1st period - Casey Mittelstadt wins face-off versus Ryan Nugent-Hopkins in LAS VEGAS LIZARD KINGS zone. 9:18 of 1st period - Shot by Lucas Raymond. 9:18 of 1st period - Stopped by Kaapo Kahkonen without a rebound. 9:19 of 1st period - Evgeni Malkin wins face-off versus Ryan Nugent-Hopkins in LAS VEGAS LIZARD KINGS zone. 9:58 of 1st period - Shot by Evgeni Malkin. 9:58 of 1st period - Shot Misses the Net. 10:00 of 1st period - Shot by Jordan Eberle. 10:00 of 1st period - Shot Misses the Net. 11:13 of 1st period - Icing by Bowen Byram. 11:14 of 1st period - Vladislav Namestnikov wins face-off versus Matthew Beniers in UTAH ICE BEARS zone. 11:37 of 1st period - Shot by Lucas Raymond. 11:37 of 1st period - Stopped by Kaapo Kahkonen without a rebound. 11:38 of 1st period - Evgeni Malkin wins face-off versus Nazem Kadri in LAS VEGAS LIZARD KINGS zone. 11:41 of 1st period - Shot by Jordan Eberle. 11:41 of 1st period - Stopped by Kaapo Kahkonen without a rebound. 11:42 of 1st period - Evgeni Malkin wins face-off versus Nazem Kadri in LAS VEGAS LIZARD KINGS zone. 11:54 of 1st period - Evgeni Malkin is hit by Matt Roy and loses puck. 12:05 of 1st period - Kristopher Letang is hit by Ryan Nugent-Hopkins and loses puck. 12:19 of 1st period - Minor Penalty to Matt Roy for Holding Stick. 12:20 of 1st period - Lucas Raymond wins face-off versus Luke Glendening in LAS VEGAS LIZARD KINGS zone. 15:06 of 1st period - Icing by John-Jason Peterka. 15:07 of 1st period - Morgan Frost wins face-off versus Johnny Gaudreau in UTAH ICE BEARS zone. 15:20 of 1st period - Off-side. 15:21 of 1st period - Nazem Kadri wins face-off versus Casey Mittelstadt in neutral zone. 17:15 of 1st period - Shot by Evgeni Malkin. 17:15 of 1st period - Stopped by Kaapo Kahkonen without a rebound. 17:16 of 1st period - Morgan Frost wins face-off versus Vladislav Namestnikov in LAS VEGAS LIZARD KINGS zone. 17:16 of 1st period - John-Jason Peterka is hit by Ryan Suter and loses puck. 17:32 of 1st period - Shot by Jordan Greenway. 17:32 of 1st period - Stopped by Thatcher Demko without a rebound. 17:33 of 1st period - Nazem Kadri wins face-off versus Matthew Beniers in UTAH ICE BEARS zone. 18:24 of 1st period - Shot by Vladislav Namestnikov. 18:24 of 1st period - Shot Blocked by MacKenzie Weegar. 18:26 of 1st period - Shot by John Marino. 18:26 of 1st period - Shot Misses the Net. 19:25 of 1st period - Minor Penalty to Ryan McDonagh for Cross-checking. 19:26 of 1st period - Evgeni Malkin wins face-off versus Ryan Nugent-Hopkins in LAS VEGAS LIZARD KINGS zone. 19:29 of 1st period - Shot by Matthew Tkachuk. 19:29 of 1st period - Stopped by Kaapo Kahkonen without a rebound. 19:30 of 1st period - Matthew Tkachuk wins face-off versus Ryan Nugent-Hopkins in LAS VEGAS LIZARD KINGS zone. 19:44 of 1st period - Minor Penalty to Matthew Tkachuk for Goalie Interference. 19:45 of 1st period - Evgeni Malkin wins face-off versus Ryan Nugent-Hopkins in UTAH ICE BEARS zone. 19:54 of 1st period - Shot by Evgeni Malkin. 19:54 of 1st period - Stopped by Kaapo Kahkonen without a rebound. 19:55 of 1st period - Evgeni Malkin wins face-off versus Ryan Nugent-Hopkins in LAS VEGAS LIZARD KINGS zone. Goals for this period are 1 for LAS VEGAS LIZARD KINGS vs 1 for UTAH ICE BEARS. Shots for this period are 6 for LAS VEGAS LIZARD KINGS vs 13 for UTAH ICE BEARS. 2nd period0:01 of 2nd period - Ryan Nugent-Hopkins wins face-off versus Evgeni Malkin in neutral zone. 0:06 of 2nd period - Shot by Joe Pavelski. 0:06 of 2nd period - Goal by Joe Pavelski - LAS VEGAS LIZARD KINGS : 2 - UTAH ICE BEARS : 1. 0:07 of 2nd period - Evgeni Malkin wins face-off versus Ryan Nugent-Hopkins in neutral zone. 0:18 of 2nd period - Shot by Morgan Frost. 0:18 of 2nd period - Stopped by Kaapo Kahkonen without a rebound. 0:19 of 2nd period - Evgeni Malkin wins face-off versus Ryan Nugent-Hopkins in LAS VEGAS LIZARD KINGS zone. 0:23 of 2nd period - Evgeni Malkin is hit by Dmitry Kulikov. 0:45 of 2nd period - Shot by Evgeni Malkin. 0:45 of 2nd period - Stopped by Kaapo Kahkonen without a rebound. 0:46 of 2nd period - Evgeni Malkin wins face-off versus Nazem Kadri in LAS VEGAS LIZARD KINGS zone. 1:01 of 2nd period - Shot by Morgan Frost. 1:01 of 2nd period - Shot Blocked by Matt Roy. 1:19 of 2nd period - Shot by Morgan Frost. 1:19 of 2nd period - Deflect By Evgeni Malkin. 1:19 of 2nd period - Shot Misses the Net. 1:21 of 2nd period - Shot by Evgeni Malkin. 1:21 of 2nd period - Stopped by Kaapo Kahkonen without a rebound. 1:22 of 2nd period - Ryan Nugent-Hopkins wins face-off versus Alexander Ovechkin in LAS VEGAS LIZARD KINGS zone. 1:47 of 2nd period - Lucas Raymond is hit by Jordan Greenway and loses puck. 2:06 of 2nd period - Shot by Jordan Greenway. 2:06 of 2nd period - Shot Blocked by Kevin Bahl. 2:08 of 2nd period - Shot by Dmitry Kulikov. 2:08 of 2nd period - Stopped by Thatcher Demko without a rebound. 2:09 of 2nd period - Matthew Beniers wins face-off versus Joe Pavelski in UTAH ICE BEARS zone. 2:52 of 2nd period - Shot by Luke Evangelista. 2:52 of 2nd period - Shot Misses the Net. 2:54 of 2nd period - Shot by Artem Zub. 2:54 of 2nd period - Shot Misses the Net. 3:09 of 2nd period - Icing by Jordan Eberle. 3:10 of 2nd period - Evgeni Malkin wins face-off versus Nazem Kadri in UTAH ICE BEARS zone. 3:48 of 2nd period - Shot by Matthew Tkachuk. 3:48 of 2nd period - Stopped by Kaapo Kahkonen with a rebound. 3:58 of 2nd period - Shot by Matthew Tkachuk. 3:58 of 2nd period - Stopped by Kaapo Kahkonen without a rebound. 3:59 of 2nd period - Vladislav Namestnikov wins face-off versus Casey Mittelstadt in LAS VEGAS LIZARD KINGS zone. 3:59 of 2nd period - Vladislav Namestnikov is hit by Lucas Raymond. 4:13 of 2nd period - Shot by Casey Mittelstadt. 4:13 of 2nd period - Shot Misses the Net. 4:15 of 2nd period - Shot by David Savard. 4:15 of 2nd period - Stopped by Kaapo Kahkonen with a rebound. 4:23 of 2nd period - Shot by Alexander Ovechkin. 4:23 of 2nd period - Shot Blocked by Drew O'Connor. 4:25 of 2nd period - Shot by Alexander Ovechkin. 4:25 of 2nd period - Goal by Alexander Ovechkin - LAS VEGAS LIZARD KINGS : 2 - UTAH ICE BEARS : 2. 4:26 of 2nd period - Morgan Frost wins face-off versus Joe Pavelski in neutral zone. 4:47 of 2nd period - Shot by Morgan Frost. 4:47 of 2nd period - Shot Misses the Net. 5:36 of 2nd period - Shot by Ryan Nugent-Hopkins. 5:36 of 2nd period - Deflect By Brandon Hagel. 5:36 of 2nd period - Shot Misses the Net. 5:48 of 2nd period - Shot by Jordan Eberle. 5:48 of 2nd period - Deflect By Evgeni Malkin. 5:48 of 2nd period - Stopped by Kaapo Kahkonen without a rebound. 5:49 of 2nd period - Vladislav Namestnikov wins face-off versus Casey Mittelstadt in LAS VEGAS LIZARD KINGS zone. 5:51 of 2nd period - Icing by Jordan Greenway. 5:52 of 2nd period - Jordan Greenway wins face-off versus Casey Mittelstadt in LAS VEGAS LIZARD KINGS zone. 5:59 of 2nd period - Shot by Vladislav Namestnikov. 5:59 of 2nd period - Stopped by Thatcher Demko without a rebound. 6:00 of 2nd period - Evgeni Malkin wins face-off versus Nazem Kadri in UTAH ICE BEARS zone. 6:06 of 2nd period - Off-side. 6:07 of 2nd period - Evgeni Malkin wins face-off versus Ryan Nugent-Hopkins in neutral zone. 6:24 of 2nd period - Icing by Artem Zub. 6:25 of 2nd period - Jordan Eberle wins face-off versus Joe Pavelski in UTAH ICE BEARS zone. 8:14 of 2nd period - Lucas Raymond is hit by Matt Roy and loses puck. 9:01 of 2nd period - Shot by Andrew Mangiapane. 9:01 of 2nd period - Shot Blocked by Ryan McDonagh. 10:07 of 2nd period - Shot by Matthew Beniers. 10:07 of 2nd period - Stopped by Kaapo Kahkonen with a rebound. 10:18 of 2nd period - Luke Evangelista is hit by Nazem Kadri and loses puck. 11:24 of 2nd period - Shot by Drew O'Connor. 11:24 of 2nd period - Stopped by Thatcher Demko without a rebound. 11:25 of 2nd period - Evgeni Malkin wins face-off versus Joe Pavelski in UTAH ICE BEARS zone. 11:49 of 2nd period - Shot by Matthew Tkachuk. 11:49 of 2nd period - Deflect By Evgeni Malkin. 11:49 of 2nd period - Stopped by Kaapo Kahkonen without a rebound. 11:50 of 2nd period - Vladislav Namestnikov wins face-off versus Lucas Raymond in LAS VEGAS LIZARD KINGS zone. 12:07 of 2nd period - Shot by Jordan Greenway. 12:07 of 2nd period - Shot Misses the Net. 12:30 of 2nd period - Shot by Vladislav Namestnikov. 12:30 of 2nd period - Stopped by Thatcher Demko without a rebound. 12:31 of 2nd period - Evgeni Malkin wins face-off versus Nazem Kadri in UTAH ICE BEARS zone. 13:00 of 2nd period - Shot by Matthew Tkachuk. 13:00 of 2nd period - Stopped by Kaapo Kahkonen without a rebound. 13:01 of 2nd period - Joe Pavelski wins face-off versus Andrew Mangiapane in LAS VEGAS LIZARD KINGS zone. 13:30 of 2nd period - Shot by MacKenzie Weegar. 13:30 of 2nd period - Shot Blocked by Dmitry Kulikov. 13:32 of 2nd period - Shot by Morgan Frost. 13:32 of 2nd period - Stopped by Kaapo Kahkonen without a rebound. 13:33 of 2nd period - Nazem Kadri wins face-off versus Evgeni Malkin in LAS VEGAS LIZARD KINGS zone. 13:39 of 2nd period - Off-side. 13:40 of 2nd period - Nazem Kadri wins face-off versus Casey Mittelstadt in neutral zone. 13:57 of 2nd period - David Savard is hit by Ryan Nugent-Hopkins. 14:12 of 2nd period - Ryan Nugent-Hopkins is hit by Artem Zub and loses puck. 14:15 of 2nd period - Shot by Ryan McDonagh. 14:15 of 2nd period - Shot Misses the Net. 14:17 of 2nd period - Shot by Ryan Nugent-Hopkins. 14:17 of 2nd period - Shot Blocked by Artem Zub. 14:19 of 2nd period - Shot by Ryan Nugent-Hopkins. 14:19 of 2nd period - Shot Misses the Net. 14:21 of 2nd period - Shot by Brandon Hagel. 14:21 of 2nd period - Shot Misses the Net. 14:23 of 2nd period - Shot by Brayden McNabb. 14:23 of 2nd period - Shot Misses the Net. 14:25 of 2nd period - Shot by Brandon Hagel. 14:25 of 2nd period - Stopped by Thatcher Demko without a rebound. 14:26 of 2nd period - Evgeni Malkin wins face-off versus Vladislav Namestnikov in UTAH ICE BEARS zone. 14:36 of 2nd period - Shot by Jordan Eberle. 14:36 of 2nd period - Shot Misses the Net. 14:58 of 2nd period - Shot by Evgeni Malkin. 14:58 of 2nd period - Stopped by Kaapo Kahkonen with a rebound. 15:00 of 2nd period - Shot by Jordan Eberle. 15:00 of 2nd period - Stopped by Kaapo Kahkonen without a rebound. 15:01 of 2nd period - Morgan Frost wins face-off versus Joe Pavelski in LAS VEGAS LIZARD KINGS zone. 15:12 of 2nd period - Shot by Morgan Frost. 15:12 of 2nd period - Shot Misses the Net. 15:14 of 2nd period - Shot by Bowen Byram. 15:14 of 2nd period - Shot Misses the Net. 15:16 of 2nd period - Shot by Morgan Frost. 15:16 of 2nd period - Shot Misses the Net. 15:18 of 2nd period - Shot by Morgan Frost. 15:18 of 2nd period - Stopped by Kaapo Kahkonen without a rebound. 15:19 of 2nd period - Casey Mittelstadt wins face-off versus Nazem Kadri in LAS VEGAS LIZARD KINGS zone. 15:22 of 2nd period - Shot by Alexander Ovechkin. 15:22 of 2nd period - Goal by Alexander Ovechkin - LAS VEGAS LIZARD KINGS : 2 - UTAH ICE BEARS : 3. 15:23 of 2nd period - Nazem Kadri wins face-off versus Evgeni Malkin in neutral zone. 16:13 of 2nd period - Icing by Ryan McDonagh. 16:14 of 2nd period - Nazem Kadri wins face-off versus Casey Mittelstadt in LAS VEGAS LIZARD KINGS zone. 16:14 of 2nd period - Nazem Kadri is hit by Alexander Ovechkin. 16:24 of 2nd period - Shot by Alexander Ovechkin. 16:24 of 2nd period - Stopped by Kaapo Kahkonen without a rebound. 16:25 of 2nd period - Casey Mittelstadt wins face-off versus Jordan Greenway in LAS VEGAS LIZARD KINGS zone. 16:44 of 2nd period - Shot by Vladislav Namestnikov. 16:44 of 2nd period - Shot Misses the Net. 17:01 of 2nd period - Icing by Artem Zub. 17:02 of 2nd period - Joe Pavelski wins face-off versus Casey Mittelstadt in UTAH ICE BEARS zone. 17:36 of 2nd period - Minor Penalty to Johnny Gaudreau for Hooking. 17:37 of 2nd period - Luke Glendening wins face-off versus Matthew Tkachuk in LAS VEGAS LIZARD KINGS zone. 17:37 of 2nd period - Jordan Greenway is hit by Matthew Tkachuk and loses puck. 17:56 of 2nd period - Shot by Matthew Tkachuk. 17:56 of 2nd period - Shot Misses the Net. 17:58 of 2nd period - Shot by Matthew Tkachuk. 17:58 of 2nd period - Stopped by Kaapo Kahkonen without a rebound. 17:59 of 2nd period - Luke Glendening wins face-off versus Evgeni Malkin in LAS VEGAS LIZARD KINGS zone. 19:16 of 2nd period - Shot by Alexander Ovechkin. 19:16 of 2nd period - Shot Misses the Net. 19:18 of 2nd period - Shot by Alexander Ovechkin. 19:18 of 2nd period - Stopped by Kaapo Kahkonen with a rebound. 19:46 of 2nd period - Shot by Andrew Mangiapane. 19:46 of 2nd period - Shot Hit the Post. Goals for this period are 1 for LAS VEGAS LIZARD KINGS vs 2 for UTAH ICE BEARS. Shots for this period are 6 for LAS VEGAS LIZARD KINGS vs 19 for UTAH ICE BEARS. 3rd period0:01 of 3rd period - Matthew Tkachuk wins face-off versus Nazem Kadri in neutral zone. 0:06 of 3rd period - Shot by Matthew Tkachuk. 0:06 of 3rd period - Stopped by Kaapo Kahkonen with a rebound. 0:22 of 3rd period - Shot by Matthew Tkachuk. 0:22 of 3rd period - Stopped by Kaapo Kahkonen without a rebound. 0:23 of 3rd period - Casey Mittelstadt wins face-off versus Joe Pavelski in LAS VEGAS LIZARD KINGS zone. 0:34 of 3rd period - Shot by Lucas Raymond. 0:34 of 3rd period - Shot Blocked by Matt Roy. 0:36 of 3rd period - Shot by Alexander Ovechkin. 0:36 of 3rd period - Shot Blocked by Matt Roy. 0:38 of 3rd period - Shot by Artem Zub. 0:38 of 3rd period - Stopped by Kaapo Kahkonen without a rebound. 0:39 of 3rd period - Evgeni Malkin wins face-off versus Nazem Kadri in LAS VEGAS LIZARD KINGS zone. 0:42 of 3rd period - Shot by Matthew Tkachuk. 0:42 of 3rd period - Shot Blocked by Ryan McDonagh. 0:47 of 3rd period - Matthew Tkachuk is hit by Brayden McNabb. 0:51 of 3rd period - Shot by Evgeni Malkin. 0:51 of 3rd period - Deflect By Jordan Eberle. 0:51 of 3rd period - Shot Misses the Net. 1:03 of 3rd period - Shot by Matthew Tkachuk. 1:03 of 3rd period - Goal by Matthew Tkachuk - LAS VEGAS LIZARD KINGS : 2 - UTAH ICE BEARS : 4. 1:04 of 3rd period - Casey Mittelstadt wins face-off versus Joe Pavelski in neutral zone. 1:12 of 3rd period - Shot by Casey Mittelstadt. 1:12 of 3rd period - Shot Misses the Net. 1:14 of 3rd period - Shot by Lucas Raymond. 1:14 of 3rd period - Shot Blocked by John Marino. 1:16 of 3rd period - Shot by Alexander Ovechkin. 1:16 of 3rd period - Shot Misses the Net. 1:18 of 3rd period - Shot by Alexander Ovechkin. 1:18 of 3rd period - Stopped by Kaapo Kahkonen without a rebound. 1:19 of 3rd period - Evgeni Malkin wins face-off versus Nazem Kadri in LAS VEGAS LIZARD KINGS zone. 1:51 of 3rd period - Icing by MacKenzie Weegar. 1:52 of 3rd period - Evgeni Malkin wins face-off versus Jordan Greenway in UTAH ICE BEARS zone. 2:08 of 3rd period - Icing by John Marino. 2:09 of 3rd period - Casey Mittelstadt wins face-off versus Vladislav Namestnikov in LAS VEGAS LIZARD KINGS zone. 2:30 of 3rd period - Shot by Alexander Ovechkin. 2:30 of 3rd period - Stopped by Kaapo Kahkonen without a rebound. 2:31 of 3rd period - Nazem Kadri wins face-off versus Andrew Mangiapane in LAS VEGAS LIZARD KINGS zone. 2:31 of 3rd period - Nazem Kadri is hit by Andrew Mangiapane. 2:51 of 3rd period - Shot by Morgan Frost. 2:51 of 3rd period - Stopped by Kaapo Kahkonen without a rebound. 2:52 of 3rd period - Joe Pavelski wins face-off versus Evgeni Malkin in LAS VEGAS LIZARD KINGS zone. 3:09 of 3rd period - Shot by Matthew Tkachuk. 3:09 of 3rd period - Stopped by Kaapo Kahkonen without a rebound. 3:10 of 3rd period - Casey Mittelstadt wins face-off versus Brandon Hagel in LAS VEGAS LIZARD KINGS zone. 3:13 of 3rd period - Shot by Lucas Raymond. 3:13 of 3rd period - Shot Misses the Net. 3:26 of 3rd period - Icing by Ryan McDonagh. 3:27 of 3rd period - Nazem Kadri wins face-off versus Evgeni Malkin in LAS VEGAS LIZARD KINGS zone. 3:50 of 3rd period - Shot by Brandon Hagel. 3:50 of 3rd period - Shot Misses the Net. 3:52 of 3rd period - Shot by Brandon Hagel. 3:52 of 3rd period - Stopped by Thatcher Demko with a rebound. 3:54 of 3rd period - Shot by Ryan McDonagh. 3:54 of 3rd period - Stopped by Thatcher Demko without a rebound. 3:55 of 3rd period - Joe Pavelski wins face-off versus Casey Mittelstadt in UTAH ICE BEARS zone. 4:08 of 3rd period - Shot by Joe Pavelski. 4:08 of 3rd period - Stopped by Thatcher Demko without a rebound. 4:09 of 3rd period - Evgeni Malkin wins face-off versus Vladislav Namestnikov in UTAH ICE BEARS zone. 4:37 of 3rd period - Shot by Vladislav Namestnikov. 4:37 of 3rd period - Shot Misses the Net. 5:19 of 3rd period - Johnny Gaudreau is hit by Artem Zub and loses puck. 5:23 of 3rd period - Johnny Gaudreau is hit by David Savard and loses puck. 5:49 of 3rd period - Icing by Artem Zub. 5:50 of 3rd period - Casey Mittelstadt wins face-off versus Nazem Kadri in UTAH ICE BEARS zone. 6:37 of 3rd period - Morgan Frost is hit by Dmitry Kulikov. 6:45 of 3rd period - Shot by Andrew Mangiapane. 6:45 of 3rd period - Stopped by Kaapo Kahkonen without a rebound. 6:46 of 3rd period - Evgeni Malkin wins face-off versus Vladislav Namestnikov in LAS VEGAS LIZARD KINGS zone. 7:01 of 3rd period - Shot by Evgeni Malkin. 7:01 of 3rd period - Stopped by Kaapo Kahkonen without a rebound. 7:02 of 3rd period - Joe Pavelski wins face-off versus Morgan Frost in LAS VEGAS LIZARD KINGS zone. 7:22 of 3rd period - Johnny Gaudreau is hit by Bowen Byram and loses puck. 7:31 of 3rd period - Shot by Johnny Gaudreau. 7:31 of 3rd period - Stopped by Thatcher Demko without a rebound. 7:32 of 3rd period - Vladislav Namestnikov wins face-off versus Evgeni Malkin in UTAH ICE BEARS zone. 7:35 of 3rd period - Shot by Vladislav Namestnikov. 7:35 of 3rd period - Shot Misses the Net. 7:37 of 3rd period - Shot by Jordan Greenway. 7:37 of 3rd period - Stopped by Thatcher Demko without a rebound. 7:38 of 3rd period - Vladislav Namestnikov wins face-off versus Evgeni Malkin in UTAH ICE BEARS zone. 7:47 of 3rd period - Shot by Jordan Greenway. 7:47 of 3rd period - Shot Misses the Net. 8:38 of 3rd period - Kristopher Letang is hit by Matt Roy and loses puck. 9:11 of 3rd period - Shot by Brandon Hagel. 9:11 of 3rd period - Stopped by Thatcher Demko without a rebound. 9:12 of 3rd period - Casey Mittelstadt wins face-off versus Johnny Gaudreau in UTAH ICE BEARS zone. 9:12 of 3rd period - Casey Mittelstadt is hit by Johnny Gaudreau. 9:22 of 3rd period - Shot by Joe Pavelski. 9:22 of 3rd period - Shot Misses the Net. 9:49 of 3rd period - Minor Penalty to Dmitry Kulikov for Hooking. 9:50 of 3rd period - Casey Mittelstadt wins face-off versus Luke Glendening in LAS VEGAS LIZARD KINGS zone. 12:08 of 3rd period - Shot by Luke Evangelista. 12:08 of 3rd period - Stopped by Kaapo Kahkonen without a rebound. 12:09 of 3rd period - Nazem Kadri wins face-off versus Morgan Frost in LAS VEGAS LIZARD KINGS zone. 12:29 of 3rd period - Shot by Morgan Frost. 12:29 of 3rd period - Shot Misses the Net. 12:31 of 3rd period - Shot by Artem Zub. 12:31 of 3rd period - Stopped by Kaapo Kahkonen without a rebound. 12:32 of 3rd period - Casey Mittelstadt wins face-off versus Joe Pavelski in LAS VEGAS LIZARD KINGS zone. 12:51 of 3rd period - Shot by Evan Rodrigues. 12:51 of 3rd period - Shot Misses the Net. 13:03 of 3rd period - Shot by Johnny Gaudreau. 13:03 of 3rd period - Shot Misses the Net. 13:05 of 3rd period - Shot by Evan Rodrigues. 13:05 of 3rd period - Shot Misses the Net. 13:12 of 3rd period - John Marino is hit by Kristopher Letang and loses puck. 13:13 of 3rd period - Minor Penalty to MacKenzie Weegar for Slashing. 13:14 of 3rd period - Evgeni Malkin wins face-off versus Joe Pavelski in UTAH ICE BEARS zone. 13:22 of 3rd period - Ryan Nugent-Hopkins is hit by Artem Zub and loses puck. 14:10 of 3rd period - Off-side. 14:11 of 3rd period - Nazem Kadri wins face-off versus Alexander Ovechkin in neutral zone. 14:29 of 3rd period - Shot by John Marino. 14:29 of 3rd period - Stopped by Thatcher Demko without a rebound. 14:30 of 3rd period - Evgeni Malkin wins face-off versus Ryan Nugent-Hopkins in UTAH ICE BEARS zone. 14:37 of 3rd period - Shot by Joe Pavelski. 14:37 of 3rd period - Shot Misses the Net. 14:55 of 3rd period - Shot by Jordan Eberle. 14:55 of 3rd period - Shot Misses the Net. 15:48 of 3rd period - Shot by Luke Evangelista. 15:48 of 3rd period - Stopped by Kaapo Kahkonen without a rebound. 15:49 of 3rd period - Vladislav Namestnikov wins face-off versus Casey Mittelstadt in LAS VEGAS LIZARD KINGS zone. 16:09 of 3rd period - Icing by Vladislav Namestnikov. 16:10 of 3rd period - Drew O'Connor wins face-off versus Evgeni Malkin in LAS VEGAS LIZARD KINGS zone. 18:47 of 3rd period - Off-side. 18:48 of 3rd period - Nazem Kadri wins face-off versus Evgeni Malkin in neutral zone. 18:55 of 3rd period - Shot by Brandon Hagel. 18:55 of 3rd period - Shot Misses the Net. 19:06 of 3rd period - Icing by Brayden McNabb. 19:07 of 3rd period - Nazem Kadri wins face-off versus Casey Mittelstadt in LAS VEGAS LIZARD KINGS zone. 19:48 of 3rd period - Shot by Alexander Ovechkin. 19:48 of 3rd period - Shot Blocked by Brayden McNabb. 19:50 of 3rd period - Shot by Kristopher Letang. 19:50 of 3rd period - Stopped by Kaapo Kahkonen without a rebound. 19:51 of 3rd period - Joe Pavelski wins face-off versus Morgan Frost in LAS VEGAS LIZARD KINGS zone. 19:51 of 3rd period - Joe Pavelski is hit by Andrew Mangiapane. Goals for this period are 0 for LAS VEGAS LIZARD KINGS vs 1 for UTAH ICE BEARS. Shots for this period are 7 for LAS VEGAS LIZARD KINGS vs 14 for UTAH ICE BEARS. Back to the Top |
VINCE DUNN ![]() |
JAMIE BENN ![]() |
JONATHAN DROUIN ![]() |
![]() |